AoeStats
← RedPhosphoru

Arabia

510236536Analyzed
1v1 RM · 1d ago on Sep 30, 2026· 25m 35s· 2 players
Game mode
Random Map
Map size
Tiny (2 player)
Population
200
Speed
Normal
Resources
Standard
Victory
Conquest
Starting age
Dark Age
Ending age
Imperial Age
RankedLock teamsTeams togetherTeam positionsShared explorationLock speedFull tech treeHidden civsTurbo modeCheats
Victory
Defeat
🇺🇸 Saxons · United States
2383
+9
🇦🇷 Inca · Argentina
2215
-9
the best BO's
9:20 Loom
12:04 Feudal Age
12:08 Champi Runner
13:06 Double-Bit Axe
13:30 Arson
14:58 Scale Mail Armor
19:21 Forging
24:22 Castle Age
22:41 Horse Collar
22:52 Gold Mining
24:56 Fletching
24:33 Champi Warrior
25:14 Squires
25:38 Chain Mail Armor
RedPhosphoru
3:45 Loom
13:11 Feudal Age
13:15 Man-at-Arms
13:45 Double-Bit Axe
14:42 Arson
17:23 Scale Mail Armor
22:47 Castle Age
22:57 Long Swordsman
23:22 Gambesons
25:45 Chain Mail Armor
Connection lost

Rejoining the realm…

Still unreachable

The connection could not be restored.

Session expired

The server has moved on; the page needs a fresh start.